 Dungeon Crawl Stone Soup version 0.32-a0-422-g28b100f618 (webtiles) character file.

Game seed: 14561328701411926047

26 cforsyth the Slasher (level 3, 0/28 HPs)
             Began as a Coglin Gladiator on Feb 21, 2024.
             Slain by a goblin
             ... wielding a +0 club
              (1 damage)
             ... on level 1 of the Dungeon.
             The game lasted 00:02:11 (158 turns).

cforsyth the Slasher (Coglin Gladiator)              Turns: 158, Time: 00:02:12

Health: 0/28       AC:  4    Str: 14    XL:     3   Next: 8%
Magic:  3/3        EV: 12    Int:  7    God:
Gold:   0          SH:  0    Dex: 17    Spells: 2/2 levels left

rFire   . . .        a - +0 long sword {Qiang}
rCold   . . .        (no shield)
rNeg    . . .        b - +0 leather armour
rPois   .            c - +0 helmet
rElec   .            (no cloak)
rCorr   .            (no gloves)
SInv    .            (no boots)
Will    .....        (no amulet)
Stlth   +            (no ring)
HPRegen 0.24/turn    (no ring)
MPRegen 0.08/turn

%: no passive effects
@: immotile, revved
A: off-hand wielding, slow wielding, warmup strikes, legs shutdown
a: no special abilities


You were on level 1 of the Dungeon.
You visited 1 branch of the dungeon, and saw 1 of its levels.


Innate Abilities, Weirdness & Mutations

You can wield a second weapon in your off-hand.
It takes a long time for you to wield or remove held weapons.
Your first few attacks do less damage.
Attacking and casting redirects power from your legs.


   Skills:
 + Level 2.5 Fighting
 + Level 3.4 Long Blades
 - Level 1.7 Throwing
 + Level 1.1 Armour
 - Level 2.6 Dodging


You had 2 spell levels left.
You didn't know any spells.
Your spell library was empty.

Inventory:

Hand Weapons
 a - a +0 long sword (weapon) {Qiang}
Missiles
 d - 3 throwing nets (quivered) {=f}
 e - a javelin
Armour
 b - a +0 leather armour (worn)
 c - a +0 helmet (worn)
Scrolls
 f - a scroll of blinking {unknown}
 g - a scroll of teleportation {unknown}
Potions
 h - a potion of degeneration {unknown}

Dungeon Overview and Level Annotations

Branches:
Dungeon (1/15)

Altars:

.. ..###....
.###........ #
..#...#....
#.###.#.......
............#
............#
......Jgr...# #
......r@(...#.##
##....†.†)#.#..####
#..................
#.....)............
#.......†..........
#..................
#..................
##.................
##......#.........


You could see an endoplasm, a quokka, a goblin and a rat.


Message History

The quokka closely misses you.
Unknown command.
Unknown command.
You barely miss the hobgoblin.
The hobgoblin is severely wounded.
The goblin hits you with a +0 club.
* * * LOW HITPOINT WARNING * * *
The rat bites you but does no damage. The hobgoblin hits you.
* * * LOW HITPOINT WARNING * * *
The endoplasm freezes you.
You are frozen.
* * * LOW HITPOINT WARNING * * *
The quokka bites you.
* * * LOW HITPOINT WARNING * * *
Unknown command.
You closely miss the hobgoblin.
The hobgoblin is severely wounded.
The goblin hits you but does no damage. The rat barely misses you.
The endoplasm barely misses you. The hobgoblin barely misses you.
The quokka bites you but does no damage.
The goblin closely misses you. The rat barely misses you.
The hobgoblin barely misses you.
The endoplasm hits you but does no damage.
The quokka misses you.
Unknown command.
You hit the hobgoblin.
You kill the hobgoblin!
The quokka barely misses you. The rat misses you.
The endoplasm closely misses you. The goblin hits you with a +0 club.
You die...

Skill      XL: |  1  2 |
---------------+-------+-----
Armour         | 1 |  1.1
Fighting       | |  2.5
Long Blades    | |  3.4
Throwing       | |  1.7
Dodging        | |  2.6

Action                     || total
---------------------------++-------
  Melee: Long sword        ||    39
 Armour: Leather armour    ||    43
  Dodge: Dodged            ||    45

Levels and vault maps discovered:
D:1:      ncdulo_smallfort, layout_rooms, serial_park_tiny_1,
          minmay_indecisive_spiral

Notes
Turn   | Place    | Note
-------+----------+-------------------------------------------
     0 | D:1      | cforsyth the Coglin Gladiator began the quest for the Orb.
     0 | D:1      | Reached XP level 1. HP: 16/16 MP: 1/1
    78 | D:1      | Reached XP level 2. HP: 16/22 MP: 2/2
   137 | D:1      | Reached skill level 1 in Armour
   151 | D:1      | Reached XP level 3. HP: 25/28 MP: 3/3
   156 | D:1      | HP: 1/28 [quokka (2)]
   158 | D:1      | Slain by a goblin

Vanquished Creatures
  3 ball pythons (D:1)
  An endoplasm (D:1)
  A goblin (D:1)
  4 hobgoblins (D:1)
  3 jackals (D:1)
  2 kobolds (D:1)
  A frilled lizard (D:1)
15 creatures vanquished.

Table legend: (Time is in decaauts)
 A = Elapsed time spent in this place.
 B = Non-inter-level travel time spent in this place.
 C = Inter-level travel time spent in this place.
 D = Time resting spent in this place.
 E = Time spent auto-exploring this place.
 F = Levels seen in this place.
 G = Mean time per level.
                   A        B        C        D        E       F      G
               +--------+--------+--------+--------+--------+-----+--------+
         Total |    167 |    167 |      0 |      0 |     90 |   1 |  167.0 |
       Dungeon |    167 |    167 |      0 |      0 |     90 |   1 |  167.0 |
               +--------+--------+--------+--------+--------+-----+--------+

Top non-repeatable levels by time:
     D:1: 167 daAuts

Table legend:
 A = Non-vault XP
 B = Vault XP
 C = Vault XP percentage of total XP
 D = Non-vault monster count
 E = Vault monster count
 F = Vault count percentage of total count
                 A         B        C        D         E       F
            +---------+---------+-------+---------+---------+-------
      Total |      38 |       3 |   7.3 |      14 |       1 |   6.7
            +---------+---------+-------+---------+---------+-------
        D:1 |      38 |       3 |   7.3 |      14 |       1 |   6.7
            +---------+---------+-------+---------+---------+-------
